 Dungeon Crawl Stone Soup version 0.27-a0-720-g3f424a255b (webtiles) character file.

Game seed: 1287684981721721882

63 DarkShadow the Skirmisher (level 3, -7/34 HPs)
             Began as a Minotaur Fighter on Mar 23, 2021.
             Mangled by an ogre
             ... wielding a +0 giant club
              (9 damage)
             ... on level 4 of the Dungeon.
             The game lasted 00:05:25 (1787 turns).

DarkShadow the Skirmisher (Minotaur Fighter)        Turns: 1787, Time: 00:05:25

Health: -7/34      AC: 11    Str: 20    XL:     3   Next: 87%
Magic:  2/2        EV:  7    Int:  5    God:
Gold:   39         SH:  9    Dex: 10    Spells: 2/2 levels left

rFire    . . .     SeeInvis .   a - +0 war axe
rCold    . . .     Faith    .   c - +0 kite shield
rNeg     . . .     Spirit   .   b - +0 scale mail
rPois    .         Reflect  .   (helmet restricted)
rElec    .         Harm     .   (no cloak)
rCorr    .         Rampage  .   (no gloves)
Will     .....                  (no boots)
Stlth    ..........             (no amulet)
HPRegen  0.11/turn              n - +4 ring of protection
MPRegen  0.08/turn              (no ring)

@: no status effects
A: horns 2, retaliatory headbutt
a: no special abilities


You were on level 4 of the Dungeon.
You visited 1 branch of the dungeon, and saw 4 of its levels.

You collected 154 gold pieces.
You spent 115 gold pieces at shops.

Inventory:

Hand Weapons
 a - a +0 war axe (weapon)
Armour
 b - a +0 scale mail (worn)
 c - a +0 kite shield (worn)
Jewellery
 n - a +4 ring of protection (right hand)
Scrolls
 f - 4 scrolls of identify {unknown}
 g - a scroll of torment {unknown}
 j - 4 scrolls of teleportation {unknown}
 l - 2 scrolls of enchant weapon {unknown}
 m - a scroll of vulnerability {unknown}
Potions
 d - 2 potions of might
 e - a potion of degeneration {unknown}
 h - a potion of haste {unknown}
 i - a potion of brilliance {unknown}
 k - a potion of curing {unknown}
 o - a potion of berserk rage {unknown}


   Skills:
 + Level 4.3 Fighting
 + Level 3.3 Axes
 + Level 4.0 Armour
 + Level 1.1 Dodging
 + Level 4.1 Shields


You had 2 spell levels left.
You didn't know any spells.
Your spell library was empty.

Dungeon Overview and Level Annotations

Branches:
Dungeon (3/15)

Altars:
Xom

Shops:
D:1 *   D:2 *


Innate Abilities, Weirdness & Mutations

You have a pair of horns on your head.
You reflexively headbutt those who attack you in melee.


Message History

You barely miss the quokka.
The quokka bites you but does no damage.
You block the quokka's attack.
You slash the quokka!
You kill the quokka!
You now have 25 gold pieces (gained 12).
l - 2 scrolls labelled ONAURAT EMUM (gained 1)
You fall into a shaft and drop 1 floor!
The shaft crumbles and collapses.
Found 14 gold pieces and a potion of might.
d - 2 potions of might (gained 1)
You now have 39 gold pieces (gained 14).
An ufetubus comes into view.
The ufetubus shouts!
Your shield and scale mail prevent you from hitting the ufetubus.
The ufetubus closely misses you. The ufetubus completely misses you.
You block the ufetubus's attack. The ufetubus hits you.
The ufetubus hits you but does no damage.
You block the ufetubus's attack.
You slash the ufetubus!
You kill the ufetubus!
Your Armour skill increases to level 4!
Found a grey potion.
o - a grey potion An ogre comes into view.
It is wielding a +0 giant club.
The ogre shouts!
The ogre hits you with a +0 giant club!
You hit the ogre. You headbutt the ogre!
The ogre is moderately wounded.
The ogre barely misses you.
You hit the ogre.
The ogre is heavily wounded.
The ogre hits you with a +0 giant club!!
Ouch! That really hurt!
* * * LOW HITPOINT WARNING * * *
You block the ogre's attack.
You hit the ogre but do no damage.
The ogre is heavily wounded.
The ogre hits you with a +0 giant club!
You die...

## #..... .. #....#
#. #....# #. #....#
#.#####....# #...
......##
..####..####.....#
.............O##.#
#.####..#####@##.#
#.............##.#
######..########.#
#..# ##.##
##..#######...#####
#...........#.....#
#...#######....##.#
#.....# ##.#.##.#
#..#.#.# #.#.##.#


You could see an ogre.

Vanquished Creatures
  2 adders
  An ufetubus (D:4)
  2 worms (D:2)
  An orc (D:3)
  2 giant cockroaches
  3 goblins
  2 hobgoblins
  An ooze (D:1)
  2 quokkas
  2 ball pythons
  3 bats
  5 kobolds
  6 rats
32 creatures vanquished.

Vanquished Creatures (others)
  2 plants (D:1)
2 creatures vanquished.

Grand Total: 34 creatures vanquished

Notes
Turn   | Place    | Note
-------+----------+-------------------------------------------
     0 | D:1      | DarkShadow the Minotaur Fighter began the quest for the
                  | Orb.
     0 | D:1      | Reached XP level 1. HP: 19/19 MP: 0/0
   136 | D:1      | Found Nugeim's Assorted Antiques.
   344 | D:1      | Reached XP level 2. HP: 27/27 MP: 1/1
   983 | D:2      | Reached XP level 3. HP: 33/33 MP: 2/2
  1332 | D:2      | Found Joacsis's Assorted Antiques.
  1346 | D:2      | Bought a diamond ring for 115 gold pieces
  1548 | D:3      | Found a shimmering altar of Xom.
  1548 | D:3      | Found a shimmering altar of Xom.
  1549 | D:3      | Found a shimmering altar of Xom.
  1549 | D:3      | Found a shimmering altar of Xom.
  1549 | D:3      | Found a shimmering altar of Xom.
  1550 | D:3      | Found a shimmering altar of Xom.
  1563 | D:3      | Reached skill level 1 in Dodging
  1742 | D:3      | You fall into a shaft and drop 1 floor!
  1781 | D:4      | Noticed an ogre
  1787 | D:4      | Mangled by an ogre

Illustrated notes

Levels and vault maps discovered:
D:1:      kennysheep_arrival_seaside, layout_basic, serial_shops,
          nicolae_shop_overgrown_old_shop, minmay_tromino_v2
D:2:      layout_loops_ring, serial_shops, nicolae_shop_stone
D:3:      layout_loops_ring, tgw_trog, ashenzari_conservatory_becter,
          minmay_misc_feat_secret_circle, xom_redecorated
D:4:      cheibrodos_barr_body, layout_loops_ring, uniq_sigmund, uniq_pikel,
          uniq_blork_the_orc

Skill      XL: |  1  2  3 |
---------------+----------+-----
Fighting       | 4 |  4.3
Shields        | 4 |  4.1
Axes           | 3 |  3.3
Dodging        | 1 |  1.1
Armour         | 4 |  4.0

Action                   || total
-------------------------++-------
Melee: War axe           ||    69
       Headbutt          ||    12
Armor: Scale mail        ||    36
Dodge: Dodged            ||    21
Block: Kite shield       ||    43

Table legend: (Time is in decaauts)
 A = Elapsed time spent in this place.
 B = Non-inter-level travel time spent in this place.
 C = Inter-level travel time spent in this place.
 D = Time resting spent in this place.
 E = Time spent auto-exploring this place.
 F = Levels seen in this place.
 G = Mean time per level.
                   A        B        C        D        E       F      G
               +--------+--------+--------+--------+--------+-----+--------+
         Total |   1831 |   1829 |      2 |     77 |    888 |   4 |  457.8 |
       Dungeon |   1831 |   1829 |      2 |     77 |    888 |   4 |  457.8 |
               +--------+--------+--------+--------+--------+-----+--------+

Top non-repeatable levels by time:
     D:1: 798 daAuts
     D:2: 749 daAuts
     D:3: 237 daAuts
     D:4: 47 daAuts
